 Dungeon Crawl Stone Soup version 0.19-a0-1185-gacb3972 (webtiles) character file.

470 Ijustatesigmund the Chopper (level 6, -1/76 HPs)
             Began as a Demonspawn Berserker on Aug 18, 2016.
             Was a Priest of Trog.
             Slain by a sky beast (5 damage)
             ... on level 4 of the Dungeon.
             The game lasted 00:09:04 (5735 turns).

Ijustatesigmund the Chopper (Demonspawn Berserker)  Turns: 5735, Time: 00:09:05

Health: -1/76      AC:  6    Str: 22    XL:     6   Next: 82%
Magic:  6/6        EV: 11    Int:  8    God:    Trog [***...]
Gold:   260        SH:  0    Dex: 15    Spells: 0 memorised, 5 levels left

rFire  . . .     SeeInvis .     a - +0 hand axe
rCold  . . .     Gourm    .     k - +1 ring mail
rNeg   . . .     Faith    .     (no shield)
rPois  .         Spirit   .     (no helmet)
rElec  .         Dismiss  .     (no cloak)
rCorr  .         Reflect  .     (no gloves)
MR     .....     Harm     .     (no boots)
Stlth  ..........               (no amulet)
                                (no ring)
                                (no ring)

@: berserking (expiring), very quick
A: claws 1, demonic guardian 1
a: Berserk, Trog's Hand, Burn Spellbooks, Renounce Religion


You were on level 4 of the Dungeon.
You worshipped Trog.
Trog was most pleased with you.
You were not hungry.

You visited 1 branch of the dungeon, and saw 5 of its levels.

You collected 260 gold pieces.

Inventory:

Hand Weapons
 a - a +0 hand axe (weapon)
Armour
 k - a +1 ring mail (worn)
Jewellery
 b - an uncursed ring of ice
 e - an uncursed ring of fire
Wands
 m - a wand of disintegration (16/24)
Scrolls
 f - 3 scrolls of remove curse
 i - 2 scrolls of teleportation
 n - a scroll of identify
 o - a scroll of blinking
Potions
 d - a potion of invisibility
 g - a potion of curing
 h - a potion of ambrosia
Comestibles
 c - a bread ration
 j - 2 meat rations
 l - a royal jelly


   Skills:
 + Level 5.1 Fighting
 * Level 6.0 Axes
 - Level 1.7 Armour
 - Level 1.7 Dodging


You had 5 spell levels left.
You didn't know any spells.

Dungeon Overview and Level Annotations

Branches:
Dungeon (5/15)
 Temple: D:4-7

Altars:
Fedhas
Kikubaaqudgha


Innate Abilities, Weirdness & Mutations

You have sharp fingernails.
A weak demonic guardian rushes to your aid.


Message History

You feel yourself moving faster!
You feel mighty!
You feel somewhat more hungry. Something hits you but does no damage.
You miss something. Something hits you but does no damage.
You barely miss something. Something hits you. Something shocks you.
* * * LOW HITPOINT WARNING * * *
You miss something. Something hits you.
* * * LOW HITPOINT WARNING * * *
Something shocks you.
* * * LOW HITPOINT WARNING * * *
You closely miss something. You barely miss something. Something hits you.
* * * LOW HITPOINT WARNING * * *
Something shocks you.
* * * LOW HITPOINT WARNING * * *
You closely miss something.
A sky beast appears from thin air!
Reactivating autopickup.
The sky beast hits you.
* * * LOW HITPOINT WARNING * * *
The sky beast shocks you.
You die...

#............# #.# ##....[......#
#.# #...........# #.# ####
#...........# ##.# #..#
##..[......## ###..###..#
#.........# ###....##...#
###.........## ####....#......#
.............#####.>..#####.....#
####.....###..#.@Y.#### #.....#
#.##### ##...#### ##...... #.'_#
#.### #....... ##### ##.#
#....... ##..# ##......# #...#
#.......# ##.## #......## #..#
#....#.# #.## #.####.#


You could see a sky beast.

Vanquished Creatures
  Sigmund (D:3)
  Blork the orc (D:4)
  An orc priest (D:3)
  Jessica (D:3)
  A worker ant (D:4)
  3 adders
  5 worms
  5 dart slugs
  3 giant geckos
  5 orcs (D:3)
  4 giant cockroaches
  7 goblins
  7 hobgoblins
  10 jackals
  3 quokkas
  6 bats
  9 giant newts
  A jackal skeleton (D:4)
  8 kobolds
  8 rats
89 creatures vanquished.

Vanquished Creatures (collateral kills)
  A howler monkey (D:5)
  An orc (D:3)
2 creatures vanquished.

Grand Total: 91 creatures vanquished

Notes
Turn   | Place    | Note
-------+----------+-------------------------------------------
     0 | D:1      | Ijustatesigmund the Demonspawn Berserker began the quest for the Orb.
     0 | D:1      | Reached XP level 1. HP: 18/18 MP: 1/1
   247 | D:1      | Reached skill level 3 in Axes
   249 | D:1      | Gained mutation: A weak demonic guardian rushes to your aid. [demonic ancestry]
   249 | D:1      | Reached XP level 2. HP: 4/24 MP: 2/2
  1197 | D:1      | Reached XP level 3. HP: 18/29 MP: 3/3
  1462 | D:1      | Reached ** piety under Trog
  2542 | D:2      | Reached XP level 4. HP: 22/37 MP: 4/4
  2987 | D:2      | Reached skill level 4 in Axes
  3742 | D:3      | Gained mutation: You have sharp fingernails. [demonic ancestry]
  3742 | D:3      | Reached XP level 5. HP: 14/42 MP: 5/5
  4020 | D:3      | Noticed Sigmund
  4051 | D:3      | Killed Sigmund
  4051 | D:3      | Reached skill level 5 in Axes
  4051 | D:3      | Reached XP level 6. HP: 9/49 MP: 6/6
  4305 | D:3      | Found a blossoming altar of Fedhas.
  4583 | D:3      | Reached *** piety under Trog
  4597 | D:3      | Noticed Jessica
  4604 | D:3      | Killed Jessica
  4969 | D:4      | Noticed Blork the orc
  4977 | D:4      | Killed Blork the orc
  4977 | D:4      | Reached skill level 5 in Fighting
  5307 | D:4      | Found an ancient bone altar of Kikubaaqudgha.
  5698 | D:5      | Entered Level 5 of the Dungeon
  5699 | D:5      | Noticed a sky beast
  5702 | D:5      | Reached skill level 6 in Axes
  5735 | D:4      | Slain by a sky beast

Vault maps used:
D:1:      elethiomel_arrival_maze, dk_noncrumbling_4
D:2:      hangedman_feature_mirror
D:3:      fedhas_altar_4, uniq_sigmund, uniq_jessica
D:4:      kennysheep_mini, minmay_misc_feat_rows, uniq_blork_the_orc
D:5:      first_bread, uniq_eustachio

Skill      XL: |  1  2  3  4  5  6 |
---------------+-------------------+-----
Axes           | 3 4 5 6 |  6.0
Fighting       | 4 5 |  5.1
Armour         | |  1.7
Dodging        | |  1.7

Action                   |  1- 3 |  4- 6 || total
-------------------------+-------+-------++-------
Melee: Hand axe          |   158 |   201 ||   359
Invok: Berserk           |       |     4 ||     4
  Use: Scroll            |     6 |     4 ||    10
       Potion            |       |     1 ||     1
  Eat: Chunk             |     5 |     7 ||    12
       Fruit             |       |     4 ||     4
       Royal jelly       |       |     1 ||     1
       Beef jerky        |       |     1 ||     1
Armor: Animal skin       |    26 |       ||    26
       Ring mail         |    16 |    80 ||    96
Dodge: Dodged            |   108 |    95 ||   203
